 Dungeon Crawl Stone Soup version 0.29.1-12-g30fa7ad0bf (webtiles) character file.

Game seed: 14447372864915319595

9 fantasyman the Conjurer (level 1, -1/14 HPs)
             Began as a Demigod Conjurer on Dec 20, 2022.
             Slain by an endoplasm (2 damage)
             ... on level 1 of the Dungeon.
             The game lasted 00:00:43 (504 turns).

fantasyman the Conjurer (Demigod Conjurer)           Turns: 504, Time: 00:00:44

Health: -1/14      AC:  2    Str:  8    XL:     1   Next: 86%
Magic:  1/5        EV: 10    Int: 20    God:
Gold:   68         SH:  6    Dex: 12    Spells: 2/3 levels left

rFire   . . .      SeeInvis .   (no weapon)
rCold   . . .      Faith    .   h - +0 kite shield
rNeg    . . .      Spirit   .   a - +0 robe
rPois   .          Reflect  .   (no helmet)
rElec   .          Harm     .   (no cloak)
rCorr   .          Rampage  .   (no gloves)
Will    .....                   (no boots)
Stlth   ++........              (no amulet)
HPRegen 0.04/turn               (no ring)
MPRegen 0.09/turn               (no ring)

@: very slightly contaminated
A: high MP 1, forlorn, divine attributes
a: no special abilities


You were on level 1 of the Dungeon.
You visited 1 branch of the dungeon, and saw 1 of its levels.

You collected 68 gold pieces.

Inventory:

Armour
 a - a +0 robe (worn)
 h - a +0 kite shield (worn)
Jewellery
 i - an amulet of the acrobat
Scrolls
 d - a scroll of identify {unknown}
 e - a scroll of butterflies {unknown}
 f - a scroll of teleportation {unknown}
Potions
 b - a potion of magic
 c - a potion of invisibility {unknown}
 g - a potion of heal wounds {unknown}


   Skills:
 * Level 1.8 Dodging
 * Level 1.8 Stealth
 * Level 1.8 Spellcasting
 * Level 3.9 Conjurations


You had 2 spell levels left.
You knew the following spells:

 Your Spells              Type           Power      Damage    Failure   Level
a - Magic Dart            Conj           68%        1d6       12%         1

Your spell library contained the following spells:

 Spells                   Type           Power      Damage    Failure   Level
 Searing Ray              Conj           34%        2d5       17%         2
 Dazzling Flash           Conj/Hex       18%        N/A       61%         3
 Fulminant Prism          Conj/Hex       4%         3d6       95%         4
 Iskenderun's Mystic Bla  Conj/Tloc      9%         2d4       95%         4


Dungeon Overview and Level Annotations

Branches:
Dungeon (1/15)


Innate Abilities, Weirdness & Mutations

You have an increased reservoir of magic. (+10% MP)
You shall have no god before yourself.
Your divine heritage dramatically boosts your attributes as you level up.


Message History

HP restored.
You now have 15 gold pieces (gained 8).
You now have 26 gold pieces (gained 11).
You now have 38 gold pieces (gained 12).
You now have 39 gold pieces (gained 1).
You now have 45 gold pieces (gained 6).
You now have 51 gold pieces (gained 6).
You now have 59 gold pieces (gained 8).
You now have 63 gold pieces (gained 4).
You now have 68 gold pieces (gained 5).
An endoplasm comes into view.
The endoplasm quivers.
An endoplasm is nearby!
An endoplasm is nearby!
An endoplasm is nearby!
The magic dart hits the endoplasm.
The endoplasm is heavily wounded.
You miscast Magic Dart.
You are very lightly contaminated with residual magic.
Nothing appears to happen.
The endoplasm freezes you.
You are frozen.
You miscast Magic Dart.
Nothing appears to happen.
The endoplasm freezes you.
You are frozen.
The magic dart hits the endoplasm.
The endoplasm is heavily wounded.
The endoplasm freezes you.
You are frozen.
You are too injured to fight recklessly!
You are too injured to fight recklessly!
You are too injured to fight recklessly!
You are too injured to fight recklessly!
The endoplasm freezes you.
You are frozen.
* * * LOW HITPOINT WARNING * * *
The endoplasm attacks as you move away! You block the endoplasm's attack.
You are too injured to fight recklessly!
The endoplasm attacks as you move away! The endoplasm hits you.
You die...

..................#.#...##.
.............P.PPP..+...##.
.............P...P#.#...+..
.~~~~.~..........P#+#...###
.≈≈≈≈≈.......P...P.........
~≈♣♣♣≈.........PP..........
♣≈~..........#.........
≈~≈♣♣♣≈...........+.........
≈~≈≈≈≈≈...J@......#.........
~.~.~~..###########......)..
≈~≈≈≈≈≈.. #.........
≈.≈♣♣♣≈... ............ ≈~≈
♣≈.... ............. ≈
♣≈..... ..............
≈≈~..... ..............
.~.....################


You could see an endoplasm.

Vanquished Creatures
  A goblin (D:1)
  A hobgoblin (D:1)
  A frilled lizard (D:1)
  4 kobolds (D:1)
  A rat (D:1)
8 creatures vanquished.

Vanquished Creatures (others)
  5 toadstools (D:1)
5 creatures vanquished.

Grand Total: 13 creatures vanquished

Notes
Turn   | Place    | Note
-------+----------+-------------------------------------------
     0 | D:1      | fantasyman the Demigod Conjurer began the quest for the
                  | Orb.
     0 | D:1      | Reached XP level 1. HP: 14/14 MP: 5/5
   504 | D:1      | Slain by an endoplasm

Illustrated notes

Levels and vault maps discovered:
D:1:      dpeg_arrival_houses_and_road, layout_basic, minmay_gold_behind_fungi,
          kennysheep_boxes

Action                   || total
-------------------------++-------
 Cast: Magic Dart        ||    19
Armor: Robe              ||     1
Dodge: Dodged            ||     1
Block: Kite shield       ||     1
